 Dungeon Crawl Stone Soup version 0.28-a0-8-g6e044cfa68 (webtiles) character file.

Game seed: 1733277803550269517

12 Spectrina the Magician (level 2, -2/21 HPs)
             Began as a Djinni Necromancer on July 24, 2021.
             Was a Follower of the Shining One.
             Slain by Ijyb (6 damage)
             ... on level 3 of the Dungeon.
             The game lasted 00:05:24 (531 turns).

Spectrina the Magician (Djinni Necromancer)          Turns: 531, Time: 00:05:25

Health: -2/21      AC:  2    Str:  7    XL:     2   Next: 45%
Gold:   32         EV: 12    Int: 16    God:    the Shining One [*.....] SH:  0 Dex: 13

rFire   + + .      SeeInvis .   e - +0 hunting sling
rCold   x . .      Faith    .   (no shield)
rNeg    . . .      Spirit   .   a - +0 robe
rPois   ∞          Reflect  .   (no helmet)
rElec   .          Harm     .   (no cloak)
rCorr   .          Rampage  .   (no gloves)
Will    .....                   (boots unavailable)
Stlth   +.........              (no amulet)
HPRegen 0.07/turn               (no ring)
MPRegen 0.00/turn               (no ring)

@: flying, glowing
A: sickness immunity, fire resistance 2, cold vulnerability 1, float, innate
caster, hp casting, extra vitality 1
a: Renounce Religion


You were on level 3 of the Dungeon.
You worshipped the Shining One.
The Shining One was aware of your devotion.
You visited 1 branch of the dungeon, and saw 3 of its levels.

You collected 32 gold pieces.

Inventory:

Hand Weapons
 e - a +0 hunting sling (weapon)
Missiles
 b - 35 stones (quivered ammo)
 d - 8 poisoned darts
Armour
 a - a +0 robe (worn)
Wands
 c - a wand of flame (11)
Potions
 f - a potion of ambrosia {unknown}


   Skills:
 - Level 2.1 Dodging
 - Level 1.5 Stealth
 + Level 3.7 Spellcasting


You couldn't memorise any spells.
You knew the following spells:

 Your Spells              Type           Power      Damage    Failure   Level
a - Pain                  Necr           56%        1d6       3%          1
k - Agony                 Necr           14%        N/A       71%         5
l - Vampiric Draining     Necr           7%         2d7       12%         3
m - Animate Skeleton      Necr           28%        N/A       3%          1
n - Animate Dead          Necr           7%         N/A       36%         4
Your spell library was empty.

Dungeon Overview and Level Annotations

Branches:
Dungeon (3/15)

Altars:
The Shining One

Annotations:
D:3 Ijyb


Innate Abilities, Weirdness & Mutations

You are immune to sickness and miasma.
You are immune to poison.
Your flesh is very heat resistant. (rF++)
You are vulnerable to cold. (rC-)
You float through the air rather than walking.
You learn spells naturally, not from books.
Your magical power is your life essence.
You have superior vitality. (+4 HP)


Message History

You are now empty-handed.
The goblin barely misses you.
You hit the goblin.
You kill the goblin!
You see here a +0 club.
b - 33 stones (gained 1)
b - 34 stones (gained 1)
You are already empty-handed.
b - 35 stones (gained 1)
e - a +0 hunting sling (weapon)
Found a stone staircase leading down.
Found a barding.
There is a stone staircase leading down here.
You fly downwards.
A frilled lizard, an endoplasm and Ijyb come into view.
Ijyb is wielding a +3 spectral club, wearing a +0 leather armour of fire resistance and carrying a wand of iceblast (5).
Ijyb shouts!
The frilled lizard hisses angrily.
The endoplasm quivers.
There is a stone staircase leading up here.
Aiming: Throw Flame
Press: ? - help, Shift-Dir - straight line, f - endoplasm
Aim: an endoplasm (97% to hit)
The puff of flame hits Ijyb.
Ijyb resists.
Ijyb is lightly wounded.
Ijyb hits you with a +3 spectral club.
Unknown command.
Aiming: Throw Flame
Press: ? - help, Shift-Dir - straight line, f/p - endoplasm
Aim: an endoplasm (97% to hit)
The puff of flame misses Ijyb.
The puff of flame hits the endoplasm.
The endoplasm is severely wounded.
Ijyb hits you with a +3 spectral club.
* * * LOW HITPOINT WARNING * * *
Unknown command.
Aiming: Throw Flame
Press: ? - help, Shift-Dir - straight line, f/p - endoplasm
Aim: an endoplasm (severely wounded, 97% to hit)
The puff of flame hits Ijyb.
Ijyb completely resists.
Ijyb is lightly wounded.
Ijyb hits you with a +3 spectral club.
You die...

# .# ..# #
###..#
#.##.....#
#.#......#
#.l......##
#..@g......
#...J......
#..........
#..........
##.........
..........
#.##......
#. ###.##


You could see Ijyb, an endoplasm and a frilled lizard.

Vanquished Creatures
  2 bats
  A giant cockroach (D:2)
  A hobgoblin (D:2)
  A ball python (D:2)
  A frilled lizard (D:2)
  A goblin (D:2)
  5 kobolds
  2 rats (D:2)
14 creatures vanquished.

Notes
Turn   | Place    | Note
-------+----------+-------------------------------------------
     0 | D:1      | Spectrina the Djinni Necromancer began the quest for the
                  | Orb.
     0 | D:1      | Reached XP level 1. HP: 15/15 MP: 0/0
   227 | D:2      | Reached XP level 2. HP: 1/21 MP: 0/0
   317 | D:1      | Found a faded altar of an unknown god.
   325 | D:1      | Became a worshipper of the Shining One
   325 | D:1      | Reached * piety under the Shining One
   528 | D:3      | Noticed Ijyb
   531 | D:3      | Slain by Ijyb

Illustrated notes

Levels and vault maps discovered:
D:1:      dpeg_arrival_arbitrary_a, layout_loops_corners,
          ebering_ecumenical_altar_mist, minmay_indecisive_spiral
D:2:      layout_basic, serial_corexii_hall, chequers_hall_statues_corner_a,
          corexii_hall_statues_x, uniq_terence, uniq_robin
D:3:      layout_loops_ring, uniq_natasha, uniq_ijyb, uniq_jessica

Action                   || total
-------------------------++-------
Melee: Unarmed           ||     2
 Fire: Hunting sling     ||     4
Throw: Dart              ||    21
       Stone             ||     1
 Cast: Pain              ||    16
       Animate Skeleton  ||     1
Evoke: Wand              ||     3
Armor: Robe              ||     1
Dodge: Dodged            ||    11

Table legend: (Time is in decaauts)
 A = Elapsed time spent in this place.
 B = Non-inter-level travel time spent in this place.
 C = Inter-level travel time spent in this place.
 D = Time resting spent in this place.
 E = Time spent auto-exploring this place.
 F = Levels seen in this place.
 G = Mean time per level.
                   A        B        C        D        E       F      G
               +--------+--------+--------+--------+--------+-----+--------+
         Total |    531 |    531 |      0 |      0 |      0 |   3 |  177.0 |
       Dungeon |    531 |    531 |      0 |      0 |      0 |   3 |  177.0 |
               +--------+--------+--------+--------+--------+-----+--------+

Top non-repeatable levels by time:
     D:2: 375 daAuts
     D:1: 153 daAuts
     D:3: 2 daAuts
